 Dungeon Crawl Stone Soup version 0.28.0-53-g5a82cb258f (webtiles) character file.

Game seed: 7010072401461763011

71 Stomo the Skirmisher (level 4, -4/24 HPs)
             Began as a Vine Stalker Monk on June 30, 2022.
             Killed by divine providence
             ... invoked by an orc priest
              (9 damage)
             ... on level 3 of the Dungeon.
             The game lasted 00:02:23 (3087 turns).

Stomo the Skirmisher (Vine Stalker Monk)            Turns: 3087, Time: 00:02:24

Health: -4/24      AC:  2    Str: 16    XL:     4   Next: 24%
Magic:  0/5        EV: 13    Int: 10    God:
Gold:   33         SH:  0    Dex: 16    Spells: 3/3 levels left

rFire   . . .      SeeInvis +   d - +0 whip
rCold   . . .      Faith    .   (no shield)
rNeg    . . .      Spirit   +   b - +0 robe
rPois   .          Reflect  .   (no helmet)
rElec   .          Harm     .   (no cloak)
rCorr   .          Rampage  .   (no gloves)
Will    .....                   (no boots)
Stlth   ++........              (no amulet)
HPRegen 0.88/turn               h - ring of see invisible
MPRegen 0.09/turn               (no ring)

@: no status effects
A: fangs 2, regeneration 1, magic shield, antimagic bite, no potion heal 2
a: no special abilities


You were on level 3 of the Dungeon.
You visited 1 branch of the dungeon, and saw 3 of its levels.

You collected 33 gold pieces.

Inventory:

Hand Weapons
 a - a +0 mace
 d - a +0 whip (weapon)
Armour
 b - a +0 robe (worn)
Jewellery
 h - a ring of see invisible (left hand)
Scrolls
 c - 2 scrolls of enchant weapon {unknown}
 f - 2 scrolls of identify {unknown}
 j - a scroll of teleportation {unknown}
Potions
 e - a potion of resistance {unknown}
 g - a potion of curing {unknown}
 i - a potion of heal wounds {unknown}
 k - 2 potions of attraction {unknown}


   Skills:
 + Level 3.4 Fighting
 + Level 3.3 Maces & Flails
 + Level 3.0 Dodging
 - Level 2.4 Stealth


You had 3 spell levels left.
You didn't know any spells.
Your spell library contained the following spells:

 Spells                   Type           Power      Damage    Failure   Level
 Static Discharge         Conj/Air       0%         N/A       50%         2
 Lightning Bolt           Conj/Air       0%         1d11      100%        5
 Maxwell's Capacitive Co  Air            0%         ∞         100%        8


Dungeon Overview and Level Annotations

Branches:
Dungeon (3/15)

Altars:
Gozag

Shops:
D:2 [


Innate Abilities, Weirdness & Mutations

You have extremely sharp teeth.
Your natural rate of healing is unusually fast.
When hurt, damage is shared between your health and your magic reserves.
Your bite disrupts and absorbs the magic of your enemies.
Potions cannot restore your health.


Message History

The orc priest shouts!
The orc wizard shouts!
The rat bites you but does no damage.
You hit the rat.
You kill the rat!
The orc wizard gestures at you while chanting.
You are confused.
You're too confused to move!
The orc wizard gestures at you while chanting.
The magic dart hits you.
The orc priest calls down the wrath of Beogh upon you.
Beogh smites you!
There is a stone staircase leading down here.
You feel less confused. The orc misses you.
You see here a hobgoblin corpse.
The orc wizard casts a spell at you. You resist with some effort.
The orc priest begins to cast a cantrip, but forgets the words!
The orc wizard mumbles some strange words.
The orc wizard flickers and vanishes for a moment.
The orc hits you but does no damage.
You closely miss the orc priest. The orc priest closely misses you.
The orc hits you with a +0 short sword.
The orc priest mumbles some strange prayers to Beogh against you.
Pain shoots through your body!
The orc priest casts a cantrip, but nothing happens.
The orc wizard casts a spell at you. You resist with some effort.
The orc wizard casts a spell at you.
You are confused.
The orc priest mumbles some strange prayers to Beogh against you.
Pain shoots through your body!
Ouch! That really hurt!
The orc wizard gestures at you while chanting.
The puff of flame hits you.
* * * LOW HITPOINT WARNING * * *
You feel less confused.
The orc priest mumbles some strange prayers to Beogh against you.
Beogh smites you!
You die...

......####.......>.#######
........##...............#
........##...............#
.....................[...#
.......#.................#
.......##.#......)......(#
.....<.##.#......†.......#
..>....##..............<.#
...†...........o@........#
..†....####..o......######
.......# #..o......#
.......# #.........#
......## ###########
.....## ######


You could see an orc priest, an orc wizard (invisible) and an orc.

Vanquished Creatures
  An adder (D:2)
  2 worms
  A dart slug (D:2)
  5 endoplasms
  3 giant cockroaches (D:1)
  4 goblins
  6 hobgoblins
  5 jackals (D:2)
  2 quokkas
  2 ball pythons
  5 bats
  A frilled lizard (D:1)
  9 kobolds
  5 rats
51 creatures vanquished.

Vanquished Creatures (others)
  A plant (D:1)
1 creature vanquished.

Grand Total: 52 creatures vanquished

Notes
Turn   | Place    | Note
-------+----------+-------------------------------------------
     0 | D:1      | Stomo the Vine Stalker Monk began the quest for the Orb.
     0 | D:1      | Reached XP level 1. HP: 11/11 MP: 2/2
   438 | D:1      | Reached XP level 2. HP: 13/16 MP: 3/3
  1500 | D:1      | Reached XP level 3. HP: 20/20 MP: 4/4
  1977 | D:2      | Found Jischuqiu's Antique Armour Shoppe.
  2362 | D:2      | Found an opulent altar of Gozag.
  2413 | D:2      | Found a faded altar of an unknown god.
  2816 | D:2      | Gained mutation: Your natural rate of healing is unusually
                  | fast. [Vine Stalker growth]
  2816 | D:2      | Reached XP level 4. HP: 19/24 MP: 5/5
  3087 | D:3      | Killed from afar by an orc priest

Illustrated notes

Levels and vault maps discovered:
D:1:      minmay_arrival_hallway, layout_basic, chequers_big_river
D:2:      layout_loops_cross, serial_shops, nicolae_shop_waterfront,
          basic_altar, shapermc_ecumenical_altar_venn
D:3:      layout_rooms, jmf_multi_god_temple2, serial_shops,
          nicolae_shop_waterfront

Skill      XL: |  1  2  3 |
---------------+----------+-----
Maces & Flails | 3 |  3.3
Fighting       | 3 |  3.4
Dodging        | 3 |  3.0
Stealth        | |  2.4

Action                   |  1- 3 |  4- 6 || total
-------------------------+-------+-------++-------
Melee: Mace              |    44 |       ||    44
       Bite              |    37 |    13 ||    50
       Whip              |    93 |    34 ||   127
 Stab: Sleeping          |     8 |       ||     8
Armor: Robe              |    40 |     4 ||    44
Dodge: Dodged            |    85 |    20 ||   105
